 Dungeon Crawl Stone Soup version 0.30-a0-223-gcb0039aa0c (webtiles) character file.

Game seed: 18148917216496121770

24190 oldmanjim the Nimble (level 13, -1/118 HPs)
             Began as a Djinni Fire Elementalist on Oct 3, 2022.
             Was the Champion of Ashenzari.
             Slain by a yak (11 damage)
             ... on level 3 of the Lair of Beasts on Oct 9, 2022.
             The game lasted 02:49:47 (17221 turns).

oldmanjim the Nimble (Djinni Fire Elementalist)    Turns: 17221, Time: 02:49:48

Health: -1/118     AC: 10    Str:  7    XL:     13   Next: 41%
Gold:   2731       EV: 18    Int: 28    God:    Ashenzari [******] SH: 18 Dex: 14

rFire   + + .      SeeInvis +    S - staff of air (curse) {Self, Fort}
rCold   . . .      Faith    .    G - +0 kite shield "Seer of Ashenzari" {Self, Fort} (curse)
rNeg    . . .      Spirit   +    n - +2 robe of the Circumscribed Sun {Will+, Self, Cun} (curse)
rPois   ∞          Reflect  +    k - +2 hat of the Bear Spirit {Spirit, *Rage Will++, Self, Evo} (curse)
rElec   +          Harm     .    w - +0 cloak of the Shattered Moon {Self, Melee} (curse)
rCorr   .          Rampage  .    D - +1 pair of gloves of the Fated Servitude {Self, Evo} (curse)
Will    ++++.      Clarity  +    (boots unavailable)
Stlth   ++........               e - amulet of the Unveiling Sky {Reflect SH+5, Melee, Self} (curse)
HPRegen 0.39/turn                l - ring of Supernal Understanding {rC+, Range, Fort} (curse)
MPRegen 0.00/turn                g - ring of Cremastomancy {Int+6, Self, Melee} (curse)

@: flying
A: sickness immunity, fire resistance 2, cold vulnerability 1, float, innate
caster, HP casting, extra vitality 1
a: Renounce Religion, Shatter the Chains


You were on level 3 of the Lair of Beasts.
You worshipped Ashenzari.
Ashenzari was exalted by your worship.
You visited 3 branches of the dungeon, and saw 14 of its levels.
You also visited: Bailey.

You collected 2731 gold pieces.

Inventory:

Hand Weapons
 a - a +4 dagger
 d - a +0 rapier of speed
 K - the +5 trident of the Sage {spect, +Blink rPois Str-2 SInv}
   (You took it off a goblin in a bailey)

   When its wielder attacks, the weapon's spirit leaps out and strikes again.
   The spirit shares a part of any damage it takes with its wielder.
   Str:       It affects your strength (-2).
   rPois:     It protects you from poison.
   SInv:      It lets you see invisible.
   +Blink:    It lets you blink.
 N - the +7 dagger of Nod Niexo {vorpal, rC- rCorr Int+4}
   (You found it on level 10 of the Dungeon)

   It inflicts extra damage upon your enemies.
   Int:       It affects your intelligence (+4).
   rC:        It makes you vulnerable to cold.
   rCorr:     It protects you from acid and corrosion.
Missiles
 f - 90 stones
 r - 3 boomerangs
 B - 2 datura-tipped darts
 C - 6 curare-tipped darts
 E - 23 poisoned darts
 P - 4 javelins
Armour
 k - the cursed +2 hat of the Bear Spirit (worn) {Spirit, *Rage Will++, Self, Evo}
   (You acquired it on level 4 of the Dungeon)

   Going berserk makes the wearer tougher, and they're slowed less afterward.
   *Rage:     It berserks you when you make melee attacks (+20% chance).
   Will:      It greatly increases your willpower.
   It has a curse which improves the following skills: Introspection: Fighting
   and Spellcasting.
   Evocations: Evocations.
 n - the cursed +2 robe of the Circumscribed Sun (worn) {Will+, Self, Cun}
   (You found it on level 3 of the Dungeon)

   It has a curse which improves the following skills: Introspection: Fighting
   and Spellcasting.
   Cunning:   Dodging and Stealth.
 w - the cursed +0 cloak of the Shattered Moon (worn) {Self, Melee}
   (You found it on level 3 of the Dungeon)

   It has a curse which improves the following skills: Introspection: Fighting
   and Spellcasting.
   Melee Combat: Short Blades, Long Blades, Axes, Maces & Flails, Polearms,
   Staves and Unarmed Combat.
 D - the cursed +1 pair of gloves of the Fated Servitude (worn) {Self, Evo}
   (You found it on level 7 of the Dungeon)

   It has a curse which improves the following skills: Introspection: Fighting
   and Spellcasting.
   Evocations: Evocations.
 G - the cursed +0 kite shield "Seer of Ashenzari" (worn) {Self, Fort}
   (You found it on level 8 of the Dungeon)

   It has a curse which improves the following skills: Introspection: Fighting
   and Spellcasting.
   Fortitude: Armour and Shields.
Magical Staves
 x - a staff of poison
 S - a cursed staff of air (weapon) {Self, Fort}
Jewellery
 e - the cursed amulet of the Unveiling Sky (around neck) {Reflect SH+5, Melee, Self}
   (You found it on level 5 of the Dungeon)

   [amulet of reflection]

   It reflects blocked missile attacks.
   SH:        It affects your SH (+5).
   It has a curse which improves the following skills: Melee Combat: Short
   Blades, Long Blades, Axes, Maces & Flails, Polearms, Staves and Unarmed
   Combat.
   Introspection: Fighting and Spellcasting.
 g - the cursed ring of Cremastomancy (right hand) {Int+6, Self, Melee}
   (You found it on level 5 of the Dungeon)

   [ring of intelligence]

   Int:       It affects your intelligence (+6).
   It has a curse which improves the following skills: Introspection: Fighting
   and Spellcasting.
   Melee Combat: Short Blades, Long Blades, Axes, Maces & Flails, Polearms,
   Staves and Unarmed Combat.
 l - the cursed ring of Supernal Understanding (left hand) {rC+, Range, Fort}
   (You found it on level 2 of the Dungeon)

   [ring of protection from cold]

   rC:        It protects you from cold.
   It has a curse which improves the following skills: Ranged Combat: Ranged
   Weapons and Throwing.
   Fortitude: Armour and Shields.
 R - a +6 ring of dexterity
Wands
 u - a wand of charming (1)
 H - a wand of flame (41)
 M - a wand of polymorph (7)
Scrolls
 b - 2 scrolls of poison
 j - 6 scrolls of vulnerability
 m - 4 scrolls of immolation
 v - 4 scrolls of butterflies
 y - 3 scrolls of teleportation
 z - 2 scrolls of torment
 A - a scroll of enchant weapon
 O - a scroll of enchant armour
 Q - a scroll of magic mapping
 T - a scroll of summoning
 U - a scroll of brand weapon
Potions
 c - 5 potions of curing
 h - a potion of might
 i - 5 potions of attraction
 o - a potion of cancellation
 p - 6 potions of ambrosia
 q - 4 potions of lignification
 s - 5 potions of haste
 t - 4 potions of berserk rage
 F - 2 potions of resistance
 I - 2 potions of invisibility
 L - 2 potions of mutation


   Skills:
 + Level 10.4(20.1) Fighting
 - Level 3.8(8.3) Armour
 - Level 12.4(15.0) Dodging
 - Level 1.5(3.3) Stealth
 - Level 9.9(15.0) Shields
 + Level 9.0(18.6) Spellcasting
 - Level 2.9(6.1) Evocations


You had 19 spell levels left.
You knew the following spells:

 Your Spells              Type           Power      Damage    Failure   Level
a - Foxfire               Conj/Fire      100%       2x1d9     0%          1
b - Scorch                Fire           100%       2d10      0%          2
c - Kindle Blastsparks    Fire/Tloc/Air  100%       2d18      0%          3
d - Inner Flame           Hex/Fire       92%        N/A       0%          3
e - Flame Wave            Conj/Fire      92%        2d19      0%          4
f - Summon Small Mammal   Summ           100%       N/A       0%          1
g - Passwall              Tmut/Erth      76%        N/A       0%          2
h - Poisonous Vapours     Pois/Air       100%       N/A       0%          2
i - Spider Form           Tmut/Pois      92%        N/A       0%          3
j - Cause Fear            Hex            46%        N/A       0%          4
k - Agony                 Necr           92%        N/A       1%          5
Your spell library was empty.

Dungeon Overview and Level Annotations

Branches:
Dungeon (10/15)            Temple (1/1) D:4            Lair (3/5) D:10
 Bailey (visited)
  Swamp: Lair:2-3    Shoals: Lair:2-3     Snake: Lair:2-3    Spider: Lair:2-3
    Orc: D:9-12

Altars:
Ashenzari
Cheibriados
Dithmenos
Elyvilon
Fedhas
Gozag
Hepliaklqana
Makhleb
Nemelex Xobeh
Okawaru
Qazlal
Ru
Trog
Uskayaw
Wu Jian
Xom
Yredelemnul
Zin
The Shining One

Annotations:
D:7 1 runed translucent door, 2 transporters, Crazy Yiuf; jimonade's ghost, novice KoBr
D:9 1 runed translucent door, exclusion: door, Amaemon; ragingrage's ghost, novice TrFi
D:10 Fannar
Lair:3 1 runed translucent door


Innate Abilities, Weirdness & Mutations

You are immune to sickness and miasma.
You are immune to poison.
Your flesh is very heat resistant. (rF++)
You are vulnerable to cold. (rC-)
You float through the air rather than walking.
You learn spells naturally, not from books.
Your magical power is your life essence.
You have superior vitality. (+4 MHP)


Message History

Confirm with . or Enter, or press ? or * to list all spells.
Flames lash the yak.
Flame seeps out of the yak.
The yak is almost dead.
The yak's fire resistance burns away.
* * * LOW HITPOINT WARNING * * *
You are engulfed in blazing flames.
You resist.
* * * LOW HITPOINT WARNING * * *
The four-headed hydra completely misses you.
The four-headed hydra closely misses you.
The four-headed hydra bites you!
* * * LOW HITPOINT WARNING * * *
You block the four-headed hydra's attack.
The yak is engulfed in blazing flames.
The yak explodes!
Training target 15.0 for Dodging reached!
You need to enable at least one skill for training.
You feel much better.
You are engulfed in blazing flames.
You resist.
* * * LOW HITPOINT WARNING * * *
You block the four-headed hydra's attack. x2
The four-headed hydra bites you.
* * * LOW HITPOINT WARNING * * *
The four-headed hydra closely misses you.
Casting: Scorch (safe; 0% risk of failure)
Confirm with . or Enter, or press ? or * to list all spells.
Flames lash the four-headed hydra.
The four-headed hydra is burned terribly!
You kill the four-headed hydra!
* * * LOW HITPOINT WARNING * * *
You are engulfed in blazing flames.
You resist.
* * * LOW HITPOINT WARNING * * *
The yak is engulfed in blazing flames.
Your base Spellcasting skill increases to level 9!
You are engulfed in blazing flames.
You resist.
* * * LOW HITPOINT WARNING * * *
The yak is engulfed in blazing flames.
You feel better.
You are engulfed in blazing flames.
You resist.
* * * LOW HITPOINT WARNING * * *
The yak is engulfed in blazing flames. x2
The yak attacks as you move away! The yak gores you!
You die...

,*,* * , ,, ,* ##.†##
,, , ,..# * #...## ,*
, ...#* #.††.# ,,, *,
...### ##..## ,*
*#....* #...# , *
,#§☼☼ ##...# ,, ** *
* .Y.## #.#..##
,,,**, *,* * #○Y##
###...# , , *
##@§#### #...## , ,,
, ,* #†.....####..##
,, * , *
#.........†...# # , *
*, , ##........#..P#
## ,,, ,{,,
*#............## #. ,
,*,,
#...........†#####. ,
* , ,
,............#..#§#..
,*, ***,
.........######......
*,,* * , ,
,....###### ##.....


You could see 2 yaks.

Vanquished Creatures
  Gastronok (D:8)
  An orc warlord (Bailey)
  2 hydras (Lair:3)
  A two-headed ogre (D:9)
  A boulder beetle (Lair:1)
  Urug (D:10)
  2 orc knights (Bailey)
  Joseph (D:8)
  3 black mambas
  2 cane toads (Lair:1)
  A rime drake (Lair:2)
  A kobold demonologist (D:10)
  3 trolls
  A queen bee (Lair:2)
  A polar bear (Lair:2)
  2 wraiths
  32 yaks
  3 shadows
  3 wyverns
  3 basilisks
  Edmund (D:4)
  6 water moccasins
  A sky beast (D:7)
  14 orc warriors
  2 black bears
  2 ogres
  An ice beast (D:5)
  3 centaurs
  15 wolves (Lair:1)
  2 phantoms
  3 kobold brigands
  A gnoll sergeant (D:7)
  10 bullfrogs
  2 scorpions
  A necrophage (D:5)
  3 wights (D:8)
  47 killer bees
  3 howler monkeys (D:7)
  2 jellies (D:6)
  A gnoll bouda (D:7)
  7 hounds
  5 orc priests
  2 iguanas
  13 orc wizards
  Natasha (thrice) (D:3)
  Terence (D:3)
  22 gnolls
  8 adders
  A shadow imp (D:5)
  3 white imps
  2 ufetubi (D:7)
  3 worms
  2 dart slugs
  59 orcs
  7 bats
  9 endoplasms
  4 giant cockroaches
  12 hobgoblins
  2 quokkas
  6 ball pythons
  5 frilled lizards
  20 goblins
  17 kobolds
  10 rats
  2 bushes (Lair:3)
410 creatures vanquished.

Vanquished Creatures (collateral kills)
  A foxfire (Lair:2)
1 creature vanquished.

Vanquished Creatures (others)
  A killer bee (D:10)
  327 foxfires
  10 fungi
  14 plants
352 creatures vanquished.

Grand Total: 763 creatures vanquished

Notes
Turn   | Place    | Note
-------+----------+-------------------------------------------
     0 | D:1      | oldmanjim the Djinni Fire Elementalist began the quest for
                  | the Orb.
     0 | D:1      | oldmanjim set off with the following spells memorised:
                  | Foxfire, Scorch, Kindle Blastsparks, Inner Flame, Flame
                  | Wave.
     0 | D:1      | Reached XP level 1. HP: 15/15 MP: 0/0
    94 | D:1      | Reached XP level 2. HP: 20/22 MP: 0/0
   119 | D:1      | Reached skill level 1 in Fighting
   297 | D:1      | Found a faded altar of an unknown god.
   312 | D:1      | Reached XP level 3. HP: 26/27 MP: 0/0
   312 | D:1      | Learned a level 1 spell: Summon Small Mammal
   426 | D:1      | Upgraded the game from 0.30-a0-177-g1cb5dbfd7a to
                  | 0.30-a0-219-gf2db51d15e
   838 | D:2      | Reached XP level 4. HP: 29/32 MP: 0/0
  1329 | D:3      | Noticed Natasha
  1334 | D:3      | Killed Natasha
  1361 | D:3      | Noticed Natasha
  1370 | D:3      | Killed Natasha
  1371 | D:3      | Reached XP level 5. HP: 30/38 MP: 0/0
  1371 | D:3      | Learned a level 2 spell: Passwall
  1629 | D:3      | Noticed Terence
  1645 | D:3      | Killed Terence
  2138 | D:3      | Reached XP level 6. HP: 30/43 MP: 0/0
  2209 | D:3      | Noticed Natasha
  2221 | D:3      | Killed Natasha
  2699 | D:4      | Found a staircase to the Ecumenical Temple.
  2700 | D:4      | Noticed Edmund
  2708 | Temple   | Entered the Ecumenical Temple
  2980 | Temple   | Became a worshipper of Ashenzari the Shackled
  3016 | D:4      | Killed Edmund
  3017 | D:4      | Reached skill level 5 in Spellcasting
  3017 | D:4      | Reached XP level 7. HP: 34/49 MP: 0/0
  3017 | D:4      | Learned a level 2 spell: Poisonous Vapours
  3097 | D:4      | Reached skill level 3 in Dodging
  3854 | D:5      | Entered Level 5 of the Dungeon
  4014 | D:5      | Reached * piety under Ashenzari
  4014 | D:5      | Identified 2 scrolls of acquirement
  4074 | D:4      | Acquired the +2 hat of the Bear Spirit {Spirit, *Rage
                  | Will++}
  4074 | D:4      | Found the +2 hat of the Bear Spirit {Spirit, *Rage Will++}
  4075 | D:4      | Acquired 724 gold pieces
  4116 | D:5      | Reached skill level 4 in Dodging
  4304 | D:5      | Found an ornate altar of the Wu Jian Council.
  4326 | D:5      | Reached XP level 8. HP: 33/58 MP: 0/0
  5214 | D:6      | Reached ** piety under Ashenzari
  5419 | D:6      | Reached skill level 1 in Evocations
  5481 | D:6      | Found a white marble altar of Elyvilon.
  5482 | D:6      | Found a glowing silver altar of Zin.
  5482 | D:6      | Found a glowing golden altar of the Shining One.
  5732 | D:6      | Reached skill level 5 in Fighting
  5776 | D:6      | Reached skill level 5 in Dodging
  5776 | D:6      | Reached XP level 9. HP: 62/68 MP: 0/0
  5776 | D:6      | Learned a level 3 spell: Spider Form
  6659 | D:7      | Reached *** piety under Ashenzari
  6680 | D:7      | Reached skill level 1 in Shields
  6912 | D:7      | Reached skill level 6 in Dodging
  7053 | D:7      | Reached XP level 10. HP: 27/81 MP: 0/0
  7596 | D:7      | Found a runed translucent door.
  7597 | D:7      | Noticed Crazy Yiuf
  7743 | D:7      | Found a transporter.
  7749 | D:7      | Identified the ring of Kyx Efegh {rF+ Str-2 Dex+6 SInv}
  7752 | D:7      | Found a transporter.
  7752 | D:7      | Noticed jimonade's ghost (novice KoBr)
  7755 | D:7      | Identified the +1 scale mail "Vasiw" {Rampage Dex+10
                  | Stlth-}
  8609 | D:8      | Reached skill level 5 in Shields
  8850 | D:8      | Reached **** piety under Ashenzari
  8981 | D:8      | Noticed Joseph
  8992 | D:8      | Killed Joseph
  9156 | D:8      | Noticed Gastronok
  9234 | D:8      | Killed Gastronok
  9235 | D:8      | Reached skill level 7 in Dodging
  9235 | D:8      | Reached XP level 11. HP: 46/94 MP: 0/0
  9235 | D:8      | Learned a level 4 spell: Cause Fear
  9417 | D:8      | Found a stormy altar of Qazlal.
  9791 | D:9      | Found a flagged portal.
  9799 | Bailey   | Entered a bailey
  9802 | Bailey   | Reached ***** piety under Ashenzari
 10419 | Bailey   | Noticed an orc knight
 10441 | Bailey   | Killed an orc knight
 10442 | Bailey   | Reached skill level 1 in Armour
 10639 | Bailey   | Identified the +5 trident of the Sage {spect, +Blink rPois
                  | Str-2 SInv}
 10656 | Bailey   | Noticed an orc knight
 10685 | Bailey   | Killed an orc knight
 10686 | Bailey   | Reached skill level 8 in Dodging
 10702 | Bailey   | Acquired 854 gold pieces
 10719 | Bailey   | Noticed an orc warlord
 10758 | Bailey   | Killed an orc warlord
 10969 | D:9      | Noticed a two-headed ogre
 10987 | D:9      | Killed a two-headed ogre
 11358 | D:9      | Found a sparkling altar of Nemelex Xobeh.
 11486 | D:9      | Found a runed translucent door.
 11486 | D:9      | Noticed ragingrage's ghost (novice TrFi)
 11692 | D:9      | Noticed Amaemon
 11749 | D:9      | Reached XP level 12. HP: 102/105 MP: 0/0
 11782 | D:9      | Identified the +2 leather armour of the Moon {Drain rCorr
                  | Str+5}
 12189 | D:10     | Entered Level 10 of the Dungeon
 12189 | D:10     | Identified the +7 dagger of Nod Niexo {vorpal, rC- rCorr
                  | Int+4}
 12328 | D:10     | Found a staircase to the Lair.
 12622 | D:10     | Noticed Urug
 12672 | D:10     | Killed Urug
 12904 | D:10     | Found a snail-covered altar of Cheibriados.
 12937 | D:10     | Reached skill level 9 in Dodging
 13033 | D:10     | Noticed Fannar
 13698 | Lair:1   | Entered Level 1 of the Lair of Beasts
 13758 | Lair:1   | Noticed a boulder beetle
 13773 | Lair:1   | Killed a boulder beetle
 14184 | Lair:1   | Reached skill level 10 in Dodging
 14444 | Lair:1   | Reached skill level 10 in Fighting
 15131 | Lair:1   | Upgraded the game from 0.30-a0-219-gf2db51d15e to
                  | 0.30-a0-223-gcb0039aa0c
 15279 | Lair:2   | Reached ****** piety under Ashenzari
 15744 | Lair:2   | Reached XP level 13. HP: 85/118 MP: 0/0
 15744 | Lair:2   | Learned a level 5 spell: Agony
 16796 | Lair:3   | Noticed a five-headed hydra
 16814 | Lair:3   | Found a runed translucent gate.
 16821 | Lair:3   | Killed a five-headed hydra
 16905 | Lair:3   | Reached skill level 11 in Dodging
 17206 | Lair:3   | Noticed a four-headed hydra
 17212 | Lair:3   | Reached skill level 12 in Dodging
 17216 | Lair:3   | HP: 1/118 [four-headed hydra (7)]
 17218 | Lair:3   | Killed a four-headed hydra
 17221 | Lair:3   | Slain by a yak

Illustrated notes

Levels and vault maps discovered:
D:1:      minmay_arrival_stone_box, layout_rooms, basic_ecumenical_altar
D:2:      layout_loops_ring, nicolae_elevator_lobby_asterisk
D:3:      minmay_inner_zag, layout_loops_cross, serial_park_tiny_pond,
          minmay_increasing_density, uniq_terence, uniq_natasha
D:4:      layout_cave_pools, minmay_temple_entry_mist, minivault_5,
          serial_bayou_lagoon_b, uniq_edmund
D:5:      layout_basic, nicolae_wu_jian_glorious_leap, kennysheep_another_room
D:6:      layout_loops_ring, dreamdust_divine_triumvirate
D:7:      minmay_slanted_spiral_squares, layout_basic,
          gammafunk_ghost_gnarly_gnolls, uniq_crazy_yiuf_cottage
D:8:      layout_loops_ring, amcnicky_altar_gilded, corexii_leaking_fountain,
          chequers_serial_rivers_micro_a, uniq_gastronok, uniq_joseph
D:9:      layout_basic, mainiacjoe_overflow_24_doors,
          hellmonk_ghost_happy_afterlife, enter_bailey_3, uniq_amaemon
D:10:     kennysheep_six_static_rooms, layout_irregular_city,
          lemuel_mausoleum_altar_kikubaaqudgha,
          mainiacjoe_overflow_surrounded_room, minivault_5, uniq_urug,
          uniq_fannar
Temple:   minmay_temple_curvy_branch
Lair:1:   beast_lair_carwin_large_2, layout_regular_city
Lair:2:   layout_layer_cave, special_room [special_room_bee]
Lair:3:   layout_cave_pods, minmay_shoals_entry_lonely_mermaid,
          spider_nest_entry_web_field, gammafunk_ghost_hydra_chop,
          beast_lair_carwin_1, grunt_megastairs_2, infiniplex_staircase_pool_2,
          serial_bayou_shore_b

Skill      XL: |  1  2  3  4  5  6  7  8  9 10 11 12 13 |
---------------+----------------------------------------+-----
Fighting       | 1 2 4 5 7 8 9 10 | 10.4
Spellcasting   | 3 4 5 6 7 8 9 |  9.0
Dodging        | 4 5 6 7 8 10 12 | 12.4
Evocations     | 2 |  2.9
Shields        | 3 5 7 9 |  9.9
Armour         | 2 3 |  3.8
Stealth        | |  1.5

Action                   |  1- 3 |  4- 6 |  7- 9 | 10-12 | 13-15 || total
-------------------------+-------+-------+-------+-------+-------++-------
Melee: Staff             |       |       |       |     8 |       ||     8
 Cast: Foxfire           |    62 |    42 |    38 |    48 |    13 ||   203
       Scorch            |     6 |    34 |    80 |   149 |    27 ||   296
       Kindle Blastspark |       |     8 |    22 |    50 |     5 ||    85
       Poisonous Vapours |       |       |    32 |   125 |    21 ||   178
       Inner Flame       |       |       |     7 |    11 |     5 ||    23
       Flame Wave        |       |       |     2 |    15 |     5 ||    22
       Cause Fear        |       |       |       |     1 |       ||     1
       Agony             |       |       |       |       |     2 ||     2
Invok: Curse Item        |       |       |     4 |     5 |       ||     9
  Use: Scroll            |       |       |     8 |     2 |       ||    10
       Potion            |       |       |       |     1 |     2 ||     3
Armor: Robe              |     3 |     3 |    27 |    26 |     9 ||    68
Dodge: Dodged            |     8 |    21 |    40 |    99 |    27 ||   195
Block: Other             |       |       |    19 |     5 |       ||    24
       Reflection        |       |       |     1 |     8 |       ||     9
       Kite shield       |       |       |       |   204 |    47 ||   251

Table legend: (Time is in decaauts)
 A = Elapsed time spent in this place.
 B = Non-inter-level travel time spent in this place.
 C = Inter-level travel time spent in this place.
 D = Time resting spent in this place.
 E = Time spent auto-exploring this place.
 F = Levels seen in this place.
 G = Mean time per level.
                   A        B        C        D        E       F      G
               +--------+--------+--------+--------+--------+-----+--------+
         Total |  17220 |  16566 |    654 |   2402 |  10832 |  15 | 1148.0 |
       Dungeon |  12255 |  11700 |    555 |   1343 |   8322 |  10 | 1225.5 |
        Temple |    299 |    251 |     48 |      0 |    246 |   1 |  299.0 |
          Lair |   3523 |   3472 |     51 |    644 |   2187 |   3 | 1174.3 |
        Bailey |   1141 |   1141 |      0 |    415 |     77 |   1 | 1141.0 |
               +--------+--------+--------+--------+--------+-----+--------+

Top non-repeatable levels by time:
     D:7: 2429 daAuts
     D:9: 1734 daAuts
  Lair:2: 1609 daAuts
  Lair:1: 1443 daAuts
     D:3: 1403 daAuts
     D:5: 1216 daAuts
  Bailey: 1141 daAuts
     D:6: 1115 daAuts
    D:10: 1112 daAuts
     D:8: 1075 daAuts
     D:4: 874 daAuts
     D:2: 730 daAuts
     D:1: 563 daAuts
  Lair:3: 470 daAuts
  Temple: 299 daAuts
